 Dungeon Crawl Stone Soup version 0.30-a0-374-g95c0257040 (webtiles) character file.

Game seed: 189608243438226006

607 Sabo the Chopper (level 7, 0/55 HPs)
             Began as a Demonspawn Berserker on Nov 25, 2022.
             Was a Priest of Trog.
             Slain by a killer bee (1 damage)
             ... on level 5 of the Dungeon.
             The game lasted 00:16:47 (3342 turns).

Sabo the Chopper (Demonspawn Berserker)             Turns: 3342, Time: 00:16:48

Health: 0/55       AC: 13    Str: 19    XL:     7   Next: 19%
Magic:  7/7        EV:  8    Int:  9    God:    Trog [***...]
Gold:   184        SH:  0    Dex: 15    Spells: 6/6 levels left

rFire   . . .      SeeInvis .    a - +0 hand axe
rCold   . . .      Faith    .    h - orb {light}
rNeg    . . .      Spirit   .    m - +0 chain mail
rPois   .          Reflect  .    (no helmet)
rElec   .          Harm     .    (no cloak)
rCorr   .          Rampage  .    (no gloves)
Will    .....                    j - +2 pair of boots "Xiroomp" {Dex+3}
Stlth   ..........               (no amulet)
HPRegen 0.29/turn                (no ring)
MPRegen 0.10/turn                (no ring)

@: lethally poisoned (0 -> -6), on berserk cooldown, slowed, glowing, very slow
A: hooves 1, sharp scales 1, demonic magic 1
a: Renounce Religion, Berserk, Trog's Hand


You were on level 5 of the Dungeon.
You worshipped Trog.
Trog was most pleased with you.
You visited 1 branch of the dungeon, and saw 5 of its levels.

You collected 184 gold pieces.

Inventory:

Hand Weapons
 a - a +0 hand axe (weapon)
 b - a +0 sling
Missiles
 f - 5 poisoned darts (quivered)
Armour
 h - an orb of light (worn)
 j - the +2 pair of boots "Xiroomp" (worn) {Dex+3}
   (You found it on level 2 of the Dungeon)

   Dex:       It affects your dexterity (+3).
 m - a +0 chain mail (worn)
 p - a +1 leather armour of willpower
Scrolls
 c - a scroll of brand weapon
 i - a scroll of fog
 k - 2 scrolls of poison
 l - a scroll of teleportation {unknown}
 n - a scroll of acquirement {unknown}
Potions
 d - a potion of might {unknown}
 e - a potion of invisibility {unknown}
 o - a potion of flight {unknown}
 q - a potion of heal wounds {unknown}


   Skills:
 + Level 4.3 Fighting
 + Level 5.8 Axes
 + Level 3.1 Armour
 + Level 3.0 Dodging
 + Level 1.0 Stealth


You had 6 spell levels left.
You didn't know any spells.
Your spell library was empty.

Dungeon Overview and Level Annotations

Branches:
Dungeon (5/15)
 Temple: D:4-7

Altars:
Dithmenos
Hepliaklqana


Innate Abilities, Weirdness & Mutations

You have large cloven feet.
You are partially covered in razor-sharp scales. (AC +1, Slay +1)
Spells you cast may paralyse adjacent enemies.


Message History

* * * LOW HITPOINT WARNING * * *
You feel better.
The killer bee stings you but does no damage.
The killer bee closely misses you. x2
You barely miss the killer bee.
The killer bee stings you but does no damage. x2
The killer bee stings you.
You barely miss the killer bee.
The killer bee stings you but does no damage. x2
The killer bee closely misses you.
You closely miss the killer bee.
The killer bee stings you but does no damage. x2
The killer bee stings you.
* * * LOW HITPOINT WARNING * * *
You barely miss the killer bee.
The killer bee stings you but does no damage.
The killer bee completely misses you.
The killer bee stings you but does no damage.
You hit the killer bee.
The killer bee is moderately wounded.
The killer bee stings you.
* * * LOW HITPOINT WARNING * * *
The killer bee stings you.
* * * LOW HITPOINT WARNING * * *
The killer bee stings you.
* * * LOW HITPOINT WARNING * * *
You are lethally poisoned!
The killer bee poisons you!
You feel better.
The killer bee stings you but does no damage.
The killer bee stings you!
* * * LOW HITPOINT WARNING * * *
You are lethally poisoned!
The killer bee poisons you! The killer bee barely misses you.
You hit the killer bee.
The killer bee is severely wounded.
* * * LOW HITPOINT WARNING * * *
You feel very sick. The killer bee closely misses you.
The killer bee stings you.
You die...

s##########+###
...............
..........)....
...............
..>..........
...........
#))...# #y)...#
#@.)†.# #....<#
#.....# #.....#
#######


You could see a killer bee.

Vanquished Creatures
  A black bear (D:4)
  An ice beast (D:5)
  An ogre (D:5)
  A bullfrog (D:3)
  A hound (D:4)
  A jelly (D:4)
  A gnoll bouda (D:5)
  4 gnolls (D:5)
  8 adders
  2 dart slugs
  6 orcs (D:3)
  6 bats
  3 endoplasms
  3 giant cockroaches
  7 goblins
  A hobgoblin (D:4)
  10 jackals
  3 quokkas
  5 ball pythons
  5 frilled lizards
  13 kobolds
  7 rats
90 creatures vanquished.

Vanquished Creatures (others)
  12 plants (D:4)
12 creatures vanquished.

Grand Total: 102 creatures vanquished

Notes
Turn   | Place    | Note
-------+----------+-------------------------------------------
     0 | D:1      | Sabo the Demonspawn Berserker began the quest for the Orb.
     0 | D:1      | Reached XP level 1. HP: 18/18 MP: 1/1
   112 | D:1      | Gained mutation: You are partially covered in razor-sharp
                  | scales. (AC +1, Slay +1) [demonic ancestry]
   112 | D:1      | Reached XP level 2. HP: 24/24 MP: 2/2
   113 | D:1      | Reached skill level 3 in Axes
   387 | D:1      | Reached XP level 3. HP: 20/29 MP: 3/3
  1045 | D:2      | Reached ** piety under Trog
  1239 | D:2      | Gained mutation: You have large cloven feet. [demonic
                  | ancestry]
  1239 | D:2      | Reached XP level 4. HP: 35/35 MP: 4/4
  1453 | D:2      | Identified the +2 pair of boots "Xiroomp" {Dex+3}
  1963 | D:3      | Found a shadowy altar of Dithmenos.
  2294 | D:3      | Noticed a bullfrog
  2308 | D:3      | Killed a bullfrog
  2309 | D:3      | Reached skill level 4 in Axes
  2309 | D:3      | Gained mutation: Spells you cast may paralyse adjacent
                  | enemies. [demonic ancestry]
  2309 | D:3      | Reached XP level 5. HP: 42/42 MP: 5/5
  2714 | D:4      | Found a hazy altar of Hepliaklqana.
  3025 | D:4      | Noticed a black bear
  3039 | D:4      | Killed a black bear
  3039 | D:4      | Reached *** piety under Trog
  3040 | D:4      | Reached skill level 5 in Axes
  3040 | D:4      | Reached XP level 6. HP: 36/48 MP: 6/6
  3307 | D:5      | Entered Level 5 of the Dungeon
  3307 | D:5      | Noticed an ice beast
  3316 | D:5      | Reached skill level 1 in Stealth
  3318 | D:5      | Killed an ice beast
  3319 | D:5      | Reached XP level 7. HP: 25/54 MP: 7/7
  3342 | D:5      | HP: 1/55 [poisoned by a killer bee]
  3342 | D:5      | Slain by a killer bee

Illustrated notes

Levels and vault maps discovered:
D:1:      kennysheep_arrival_forest, layout_rooms,
          chequers_serial_rivers_micro_a
D:2:      layout_basic
D:3:      layout_basic, mainiacjoe_overflow_24_doors
D:4:      layout_rooms, nicolae_hepliaklqana_hazy_memory, kennysheep_dice
D:5:      layout_gridville, general_overflow_altar,
          minmay_temple_entry_glassed_door, serial_glass, glass_columns_a,
          glass_columns_a, minmay_strange_pillars, minmay_strange_pillars,
          serial_shops, shop_fountains, nicolae_lakefront_shop, shop,
          hangedman_decor_clover_reticule, minmay_manual_mail

Skill      XL: |  1  2  3  4  5  6 |
---------------+-------------------+-----
Axes           | 3 4 5 |  5.8
Dodging        | 2 3 |  3.0
Armour         | 2 3 |  3.1
Fighting       | 4 |  4.3
Stealth        | 1 |  1.0

Action                   |  1- 3 |  4- 6 |  7- 9 || total
-------------------------+-------+-------+-------++-------
Melee: Hand axe          |   105 |   124 |    18 ||   247
       Punch             |     1 |     1 |       ||     2
Invok: Berserk           |     1 |     2 |       ||     3
  Use: Scroll            |       |     5 |       ||     5
       Potion            |       |       |     2 ||     2
 Stab: Sleeping          |     2 |       |       ||     2
Armor: Animal skin       |    30 |       |       ||    30
       Chain mail        |       |    72 |    15 ||    87
       Leather armour    |       |     3 |       ||     3
Dodge: Dodged            |    84 |    70 |    15 ||   169

Table legend: (Time is in decaauts)
 A = Elapsed time spent in this place.
 B = Non-inter-level travel time spent in this place.
 C = Inter-level travel time spent in this place.
 D = Time resting spent in this place.
 E = Time spent auto-exploring this place.
 F = Levels seen in this place.
 G = Mean time per level.
                   A        B        C        D        E       F      G
               +--------+--------+--------+--------+--------+-----+--------+
         Total |   3386 |   3386 |      0 |    448 |      0 |   5 |  677.2 |
       Dungeon |   3386 |   3386 |      0 |    448 |      0 |   5 |  677.2 |
               +--------+--------+--------+--------+--------+-----+--------+

Top non-repeatable levels by time:
     D:2: 979 daAuts
     D:3: 952 daAuts
     D:1: 726 daAuts
     D:4: 691 daAuts
     D:5: 35 daAuts
